 Dungeon Crawl Stone Soup version 0.18.1-8-gdd0e5ea (webtiles) character file.

12084 Jerry the Basher (level 11, -3/75 HPs)
             Began as a Demonspawn Berserker on May 24, 2016.
             Was an Elder of Trog.
             Killed from afar by a lindwurm (16 damage)
             ... with a blast of flame
             ... on level 2 of the Lair of Beasts.
             The game lasted 00:51:08 (10990 turns).

Jerry the Basher (Demonspawn Berserker)            Turns: 10990, Time: 00:51:09

Health: -3/75      AC: 19    Str: 22    XL:     11   Next: 57%
Magic:  11/11      EV: 11    Int:  8    God:    Trog [****..]
Gold:   657        SH:  6    Dex: 12    Spells: 0 memorised, 10 levels left

rFire  . . .     SeeInvis .     y - +4 morningstar (crush)
rCold  + . .     Gourm    .     D - +2 ring mail {rPois}
rNeg   + . .     Faith    .     p - +1 buckler
rPois  +         Spirit   .     q - +0 helmet
rElec  +         Dismiss  .     v - +0 cloak
rCorr  .         Reflect  .     Q - +0 pair of gloves
SustAt .         Harm     .     B - +0 pair of boots
MR     .....                    (no amulet)
Stlth  +.........               o - ring of positive energy
                                O - ring of protection from cold

@: not resistant to hostile enchantments, very unstealthy
A: hooves 2, thin metallic scales 3, spiny 1
a: Berserk, Trog's Hand, Brothers in Arms, Burn Spellbooks, Renounce Religion


You were on level 2 of the Lair of Beasts.
You worshipped Trog.
Trog was greatly pleased with you.
You were very hungry.

You visited 3 branches of the dungeon, and saw 13 of its levels.

You collected 657 gold pieces.

Inventory:

Hand Weapons
 y - a +4 morningstar of crushing (weapon)
 F - a +2 morningstar of protection
Missiles
 z - a throwing net (quivered)
Armour
 p - a +1 buckler (worn)
 q - a +0 helmet (worn)
 v - a +0 cloak (worn)
 B - a +0 pair of boots (worn)
 D - a +2 ring mail of poison resistance (worn)
 Q - a +0 pair of gloves (worn)
Jewellery
 i - a +3 ring of intelligence
 o - a ring of positive energy (right hand)
 t - an uncursed ring of poison resistance
 O - a ring of protection from cold (left hand)
 S - an uncursed amulet of faith
Wands
 m - a wand of flame (16/48)
 n - a wand of polymorph (14/24)
 H - a wand of hasting (5/9)
 J - a wand of random effects (0/48)
 M - a wand of random effects (18/48)
Scrolls
 d - 3 scrolls of remove curse
 j - 4 scrolls of identify
 l - 6 scrolls of teleportation
 u - 2 scrolls of amnesia
 K - 4 scrolls of fear {unknown}
 N - a scroll of blinking
 P - a scroll of enchant armour
 R - a scroll of acquirement {unknown}
 T - a scroll of summoning {unknown}
Potions
 e - 4 potions of magic
 f - 2 potions of cure mutation
 g - 2 potions of cancellation {unknown}
 h - a potion of agility {unknown}
 k - 4 potions of curing {unknown}
 r - 2 potions of invisibility {unknown}
 s - 2 potions of haste {unknown}
 x - a potion of berserk rage {unknown}
 A - 5 potions of flight {unknown}
 E - a potion of mutation {unknown}
 G - a potion of degeneration {unknown}
 I - 3 potions of lignification {unknown}
 L - a potion of ambrosia {unknown}
Miscellaneous
 a - a disc of storms
Comestibles
 b - 11 beef jerkies
 c - 13 bread rations
 w - 9 fruits
 C - 6 meat rations


   Skills:
 - Level 3.0 Fighting
 + Level 11.6 Maces & Flails
 + Level 11.5 Armour
 - Level 1.7 Dodging
 - Level 5.1 Shields


You had 10 spell levels left.
You didn't know any spells.

Dungeon Overview and Level Annotations

Branches:
Dungeon (10/15)            Temple (1/1) D:4            Lair (2/8) D:10
    Orc: D:9-12

Altars:
Ashenzari
Cheibriados
Dithmenos
Elyvilon
Fedhas
Gozag
Kikubaaqudgha
Makhleb
Nemelex Xobeh
Okawaru
Pakellas
Qazlal
Ru
Sif Muna
Trog
Vehumet
Xom
Yredelemnul
Zin
The Shining One

Shops:
D:7 (   D:9 ?*[


Innate Abilities, Weirdness & Mutations

You have hoof-like feet.
You are completely covered in thin metallic scales (AC +4, rElec).
You are partially covered in sharp spines.


Message History

Evoke which item? (* to show all) (? for menu, Esc to quit)
Zapping:
M - a wand of random effects {zapped: 6} (will waste charges)
Press: ? - help, Shift-Dir - straight line, f/p - lindwurm
Aim: a lindwurm (moderately wounded)
You hear a mighty clap of thunder!
The bolt of lightning hits the lindwurm.
The lindwurm is heavily wounded.
Evoking this partially-identified wand wasted a few charges.
Evoke which item? (* to show all) (? for menu, Esc to quit)
Zapping:
M - a wand of random effects {zapped: 8} (will waste charges)
Press: ? - help, Shift-Dir - straight line, f/p - lindwurm
Aim: a lindwurm (heavily wounded)
The lindwurm easily resists.
Evoking this partially-identified wand wasted a few charges.
The lindwurm breathes flames at you. The blast of flame hits you!
* * * LOW HITPOINT WARNING * * *
The lindwurm breathes flames at you. The blast of flame hits you!
You die...

...............#
...............#
...............##
................#
......≈≈........#
....≈≈§≈≈.......##
...≈≈§§≈≈≈§......#
.≈≈≈≈≈§≈≈≈≈≈≈≈...###
≈≈≈≈≈≈≈§≈§≈§≈≈≈.@#.#
≈≈≈≈§≈≈§≈≈≈§§§≈....#
≈§≈≈§..§.§≈≈≈≈≈.§.##
≈≈≈...##...≈≈§§§...#
§≈≈!.####..§≈§§≈§.##
≈≈..#. .#.k≈§≈§§§#
§≈§# ...≈≈§§§§#
§≈.##?k ##.≈≈§§≈..
≈≈..#.$ #..≈≈≈≈[.##


You could see a lindwurm.

Vanquished Creatures
  A hydra (Lair:2)
  2 hill giants
  A lindwurm (Lair:2)
  A black mamba (Lair:1)
  A komodo dragon (Lair:1)
  A spiny frog (Lair:1)
  The ghost of raetorn the Ruffian, an amateur TrMo (D:4)
  A troll (D:9)
  The ghost of euphoricsektor the Grave Robber, an amateur DsNe (D:7)
  A two-headed ogre (D:9)
  10 yaks (Lair:1)
  2 hungry ghosts
  Grum (Lair:1)
  2 hippogriffs
  Duvessa (D:4)
  2 orc warriors (D:8)
  2 porcupines
  An ice beast (D:9)
  4 sky beasts
  3 black bears
  5 phantoms
  2 wolves (Lair:1)
  7 centaurs
  5 ogres
  2 crocodiles
  7 giant frogs
  Dowan (D:4)
  4 scorpions
  8 killer bees
  3 electric eels (D:8)
  12 wights
  2 crimson imps
  6 howler monkeys (D:8)
  8 hounds
  2 giant frog skeletons
  6 orc wizards
  3 orc priests
  Jessica (D:2)
  8 iguanas
  6 worker ants
  2 killer bee zombies
  A hound skeleton (D:5)
  A worker ant zombie (D:8)
  Robin (D:2)
  4 gnolls (D:4)
  11 adders
  2 river rats (D:3)
  5 shadow imps
  2 adder skeletons
  5 worms
  A dart slug (D:3)
  19 orcs
  5 ball pythons
  11 giant cockroaches
  14 goblins
  7 hobgoblins
  19 jackals
  3 quokkas
  6 bats
  A giant gecko skeleton (D:4)
  A giant gecko zombie (D:8)
  4 giant newts
  8 kobolds
  8 rats
278 creatures vanquished.

Vanquished Creatures (others)
  A lindwurm (Lair:2)
  A fungus (Lair:1)
  A plant (D:8)
3 creatures vanquished.

Grand Total: 281 creatures vanquished

Notes
Turn   | Place    | Note
--------------------------------------------------------------
     0 | D:1      | Jerry the Demonspawn Berserker began the quest for the Orb.
     0 | D:1      | Reached XP level 1. HP: 18/18 MP: 1/1
   367 | D:1      | Gained mutation: You are partially covered in thin metallic scales (AC +2). [demonic ancestry]
   367 | D:1      | Reached XP level 2. HP: 21/24 MP: 2/2
   867 | D:2      | Noticed Jessica
   872 | D:2      | Killed Jessica
   872 | D:2      | Gained mutation: You are mostly covered in thin metallic scales (AC +3). [demonic ancestry]
   872 | D:2      | Reached XP level 3. HP: 29/29 MP: 3/3
  1107 | D:2      | Reached ** piety under Trog
  1110 | D:2      | Found an opulent altar of Gozag.
  1443 | D:2      | Reached XP level 4. HP: 12/35 MP: 4/4
  1675 | D:2      | Noticed Robin
  1683 | D:2      | Killed Robin
  2140 | D:3      | Found a faded altar to an unknown god.
  2150 | D:3      | Reached skill level 1 in Shields
  2391 | D:3      | Reached XP level 5. HP: 29/41 MP: 5/5
  2514 | D:3      | Noticed a centaur
  2526 | D:3      | Killed a centaur
  2621 | D:3      | Reached XP level 6. HP: 46/47 MP: 6/6
  2645 | D:3      | Reached *** piety under Trog
  3242 | D:4      | Noticed Dowan
  3256 | D:4      | Killed Dowan
  3323 | D:4      | Reached XP level 7. HP: 50/52 MP: 7/7
  3329 | D:4      | Reached skill level 5 in Maces & Flails
  3456 | D:4      | Noticed raetorn's ghost (amateur TrMo)
  3460 | D:4      | Noticed Duvessa
  3464 | D:4      | Killed raetorn's ghost
  3470 | D:4      | Killed Duvessa
  3470 | D:4      | Reached skill level 5 in Armour
  3838 | D:4      | Gained mutation: You have large cloven feet. [demonic ancestry]
  3838 | D:4      | Reached XP level 8. HP: 54/58 MP: 8/8
  4081 | D:4      | Found a staircase to the Ecumenical Temple.
  4098 | Temple   | Entered the Ecumenical Temple
  4404 | D:4      | Reached **** piety under Trog
  4518 | D:5      | Entered Level 5 of the Dungeon
  5068 | D:6      | Found a sacrificial altar of Ru.
  5084 | D:6      | Found a blossoming altar of Fedhas.
  5114 | D:6      | Reached skill level 5 in Shields
  5170 | D:6      | Found a glowing silver altar of Zin.
  5180 | D:6      | Found a glowing golden altar of the Shining One.
  5340 | D:6      | Found a snail-covered altar of Cheibriados.
  5686 | D:7      | Noticed euphoricsektor's ghost (amateur DsNe)
  5703 | D:7      | Killed euphoricsektor's ghost
  5703 | D:7      | Gained mutation: You are partially covered in sharp spines. [demonic ancestry]
  5703 | D:7      | Reached XP level 9. HP: 63/63 MP: 9/9
  5741 | D:7      | Found a white marble altar of Elyvilon.
  5781 | D:7      | Found Nofanges's Weapon Boutique.
  5818 | D:7      | Found a basalt altar of Yredelemnul.
  7332 | D:9      | Found Epej's Magic Scroll Shop.
  7347 | D:9      | Found Vaekau's General Store.
  7351 | D:9      | Gained mutation: You are completely covered in thin metallic scales (AC +4, rElec). [demonic ancestry]
  7351 | D:9      | Reached XP level 10. HP: 66/70 MP: 10/10
  7521 | D:8      | Found a sparkling altar of Nemelex Xobeh.
  7751 | D:8      | Found a bloodstained altar of Trog.
  8147 | D:9      | Found a burning altar of Makhleb.
  8149 | D:9      | Found Maloqeas's Armour Shop.
  8482 | D:9      | Reached skill level 10 in Maces & Flails
  9148 | D:9      | Noticed a hill giant
  9158 | D:9      | Killed a hill giant
  9158 | D:9      | Reached skill level 10 in Armour
  9208 | D:10     | Entered Level 10 of the Dungeon
  9230 | D:10     | Noticed a hill giant
  9239 | D:10     | Killed a hill giant
  9328 | D:10     | Received a gift from Trog
  9347 | D:10     | Gained mutation: You have hoof-like feet. [demonic ancestry]
  9347 | D:10     | Reached XP level 11. HP: 66/75 MP: 11/11
  9369 | D:10     | Found a staircase to the Lair.
  9705 | Lair:1   | Entered Level 1 of the Lair of Beasts
 10312 | Lair:1   | Noticed Grum
 10337 | Lair:1   | Killed Grum
 10822 | Lair:2   | Noticed a seven-headed hydra
 10830 | Lair:2   | Killed a seven-headed hydra
 10879 | Lair:2   | Noticed a lindwurm
 10880 | Lair:2   | Noticed a lindwurm
 10887 | Lair:2   | Noticed a lindwurm
 10956 | Lair:2   | Noticed a lindwurm
 10974 | Lair:2   | a lindwurm changed into a queen bee
 10990 | Lair:2   | Killed from afar by a lindwurm

Skill      XL: |  1  2  3  4  5  6  7  8  9 10 11 |
---------------+----------------------------------+-----
Armour         | 2 3 4 5 7 8 10 11 | 11.5
Maces & Flails | 3 4 5 7 9 10 11 | 11.6
Shields        | 1 2 3 4 5 |  5.1
Fighting       | |  3.0
Dodging        | |  1.7

Action                   |  1- 3 |  4- 6 |  7- 9 | 10-12 || total
-------------------------+-------+-------+-------+-------++-------
Melee: Mace              |   106 |   244 |       |       ||   350
       Morningstar       |       |    39 |   321 |   295 ||   655
       Kick              |       |       |     7 |       ||     7
Throw: Throwing net      |       |       |       |     3 ||     3
Invok: Berserk           |     4 |     4 |     6 |     6 ||    20
       Trog's Hand       |       |     4 |     4 |     4 ||    12
       Burn Spellbooks   |       |       |       |     2 ||     2
Evoke: Wand              |       |       |       |    19 ||    19
  Use: Scroll            |       |       |    13 |     5 ||    18
 Stab: Sleeping          |     2 |       |       |       ||     2
       Held in net/web   |       |       |       |     1 ||     1
  Eat: Chunk             |     4 |     8 |    20 |    16 ||    48
       Bread ration      |       |     1 |       |       ||     1
       Fruit             |       |       |     1 |     2 ||     3
Armor: Animal skin       |    29 |    44 |       |       ||    73
       Leather armour    |       |    77 |    22 |       ||    99
       Ring mail         |       |       |   129 |   103 ||   232
Dodge: Dodged            |    87 |   171 |   143 |   120 ||   521
Block: Buckler           |       |    59 |    84 |    78 ||   221
